Map: Thunderbird LE

Players

lIIllllIIlll (INnoVation) - Winner!

  • Race: Terran Terran
  • League: Master
  • Spawn Location: 5:00

Harstem

  • Race: Protoss Protoss
  • League: Grandmaster
  • Spawn Location: 11:00

Event: HomeStory Cup XX

VOD

Have the link to the VOD?

Description

Time

  • Played on: Nov. 21, 2019, 3:02 p.m.
  • Length: 18:01

All games in this series

Show
View Real Time Build Order
Export as new Build Order

lIIllllIIlll Terran - Winner!

Build Orders: Reaper Expand 

Get SALT Encoding   

  12  0:00  SCV  
  13  0:12  SCV  
  14  0:16  Supply Depot  
  14  0:24  SCV  
  15  0:38  SCV  
  15  0:39  Barracks  
  16  0:42  Refinery  
  16  0:50  SCV  
  17  1:02  SCV  
  18  1:14  SCV  
  19  1:26  Orbital Command, Reaper  
  20  1:40  Command Center  
  20  1:52  Supply Depot, SCV  
  21  1:57  Marine  
  22  2:04  SCV  
  22  2:08  Factory  
  23  2:12  Refinery  
  23  2:16  SCV  
  23  2:19  Barracks Reactor  
  24  2:28  SCV  
  25  2:40  SCV  
  26  2:51  Factory Tech Lab  
  26  2:53  Starport, Orbital Command, SCV  
  26  2:54  Marine x2  
  29  3:05  SCV  
  30  3:10  Cyclone  
  30  3:12  Marine x2  
  33  3:18  SCV x2  
  37  3:24  Supply Depot  
  37  3:29  Viking  
  37  3:30  SCV  
  37  3:31  SCV  
  41  3:34  Marine x2  
  43  3:44  SCV x2  
  43  3:46  Supply Depot  
  45  3:52  Marine x2  
  47  3:56  SCV x2  
  49  4:06  Command Center  
  49  4:09  SCV x2  
  51  4:12  Barracks  
  51  4:19  Marine, Stimpack  
  51  4:23  SCV x2  
  54  4:26  Factory Tech Lab  
  54  4:28  Barracks  
  54  4:29  Supply Depot  
  54  4:35  SCV x2  
  54  4:37  Refinery  
  56  4:43  Refinery  
  56  4:44  Marine  
  55  4:45  Starport Reactor  
  55  4:47  SCV  
  55  4:48  SCV  
  55  4:51  Factory Reactor  
  57  4:54  Engineering Bay  
  57  4:56  Engineering Bay  
  57  4:59  SCV  
  58  5:00  SCV  
  58  5:01  Marine  
  58  5:02  Marine x2  
  62  5:12  SCV x2  
  62  5:18  Orbital Command  
  62  5:23  Terran Infantry Weapons Level 1, Terran Infantry Armor Level 1  
  62  5:24  SCV x2  
  62  5:25  Marine  
  62  5:26  Marine  
  62  5:27  Combat Shield  
  66  5:36  SCV x2  
  66  5:38  Barracks  
  66  5:39  Barracks  
  66  5:42  Marauder x2  
  72  5:43  Orbital Command  
  72  5:46  Supply Depot  
  72  5:48  SCV  
  72  5:49  SCV  
  73  5:50  Medivac  
  73  5:52  Widow Mine  
  73  5:54  Widow Mine, Medivac  
  81  6:03  Supply Depot  
  81  6:04  Supply Depot  
  81  6:06  Marauder x2  
  81  6:08  Marine x2  
  81  6:10  SCV x2  
  81  6:11  SCV  
  90  6:18  Widow Mine  
  92  6:21  Widow Mine, Supply Depot  
  92  6:23  Missile Turret  
  92  6:25  Missile Turret  
  93  6:26  Medivac  
  93  6:27  Medivac  
  93  6:32  SCV x3  
  100  6:35  Supply Depot  
  100  6:38  Supply Depot  
  100  6:43  Widow Mine x2  
  100  6:44  Liberator  
  100  6:46  Supply Depot  
  104  6:47  Concussive Shells  
  104  6:48  Liberator, Barracks Reactor  
  104  6:49  SCV x3  
  107  6:55  Armory  
  107  6:59  Marauder x2  
  107  7:00  Marine x2  
  123  7:12  Supply Depot, SCV x2  
  123  7:13  SCV  
  125  7:17  Refinery x2  
  121  7:24  SCV x2  
  121  7:25  SCV  
  120  7:36  Barracks Tech Lab, SCV x2  
  122  7:37  SCV  
  122  7:42  Marine x4, Marauder x2  
  131  7:44  Liberator  
  131  7:47  Command Center  
  131  7:48  SCV x2  
  131  7:49  SCV  
  131  7:50  Missile Turret  
  140  7:52  Terran Infantry Weapons Level 2, Terran Infantry Armor Level 2  
  140  7:53  Liberator  
  140  7:54  Terran Ship Weapons Level 1  
  134  8:02  Ghost Academy  
  134  8:04  SCV x2  
  139  8:05  SCV  
  139  8:10  Supply Depot  
  143  8:19  Fusion Core  
  138  8:20  SCV x3  
  138  8:25  Supply Depot  
  138  8:26  Supply Depot  
  141  8:29  Missile Turret  
  141  8:30  Marauder  
  141  8:31  Marauder, Liberator  
  141  8:32  Missile Turret  
  141  8:33  Marauder  
  147  8:36  Marine x2, Liberator  
  147  8:37  Marine x2  
  151  8:48  Supply Depot  
  153  8:49  Supply Depot  
  153  8:55  Missile Turret  
  156  9:01  Starport, SCV x3  
  159  9:06  Advanced Ballistics  
  159  9:09  Missile Turret  
  158  9:16  Marauder x3  
  162  9:19  Marine x4  
  162  9:21  Liberator x2  
  162  9:23  Liberator  
  162  9:24  Liberator  
  162  9:29  SCV x3  
  170  9:43  Marauder x3  
  182  9:53  SCV  
  182  9:54  SCV x2  
  182  9:59  Refinery  
  181  10:02  Planetary Fortress  
  181  10:04  Refinery  
  181  10:05  Sensor Tower  
  181  10:19  Terran Infantry Weapons Level 3  
  181  10:20  Marine x4, Marauder x3  
  187  10:25  Command Center  
  186  10:29  Terran Ship Weapons Level 2  
  186  10:39  Terran Infantry Armor Level 3  
  186  10:44  Marine x2  
  186  10:45  Marine x2  
  187  10:57  SCV x2  
  187  10:58  SCV  
  182  11:07  Ghost  
  182  11:08  Ghost x2  
  182  11:09  Enhanced Shockwaves  
  182  11:10  Marine x4  
  192  11:14  SCV x3  
  192  11:18  Missile Turret x2  
  195  11:19  Missile Turret  
  195  11:21  Missile Turret  
  195  11:22  Factory Reactor  
  195  11:25  Starport  
  195  11:29  Liberator x4  
  181  11:46  Ghost  
  183  11:50  Marine  
  183  11:51  Marine x3  
  183  11:52  SCV x3  
  177  12:01  SCV  
  177  12:04  SCV x2  
  177  12:07  SCV  
  176  12:13  SCV  
  177  12:16  SCV x2  
  177  12:19  SCV  
  180  12:25  SCV  
  180  12:27  Viking x2  
  180  12:28  SCV  
  180  12:29  Viking x4, Ghost x3  
  198  12:38  SCV x2  
  198  12:39  SCV  
  198  12:40  SCV  
  196  12:50  SCV  
  196  12:51  Terran Ship Weapons Level 3, SCV x2  
  199  12:57  Planetary Fortress  
  199  13:05  Viking  
  198  13:10  Viking  
  200  13:18  Missile Turret  
  200  13:19  Sensor Tower  
  199  13:37  Ghost  
  194  13:54  Ghost x2  
  194  13:55  Marine x4  
  180  13:59  SCV x2  
  180  14:00  SCV x2  
  185  14:06  Ghost  
  181  14:10  Liberator x4  
  181  14:11  SCV x2  
  181  14:12  SCV  
  177  14:27  SCV x4  
  177  14:31  Marine x4, Marauder x2, Missile Turret  
  195  14:36  Viking  
  200  14:41  Personal Cloaking  
  200  14:44  Barracks  
  199  14:45  Barracks x2  
  199  14:46  SCV x2  
  199  14:48  Missile Turret  
  199  14:50  Liberator x2  
  200  14:53  Liberator  
  193  15:05  SCV x2  
  188  15:09  SCV x2  
  180  15:17  SCV x2  
  180  15:20  Marauder x2, Ghost  
  180  15:21  Marine x4, SCV x2  
  185  15:29  SCV x2  
  185  15:33  SCV x2  
  174  15:41  SCV  
  174  15:42  SCV  
  173  15:44  Medivac x2  
  173  15:45  SCV x2  
  173  15:47  Ghost  
  173  15:48  Barracks Tech Lab x2, Ghost x2  
  173  15:49  Barracks Reactor  
  182  15:50  Viking x2  
  182  15:51  Marine x4  
  182  15:53  SCV  
  187  15:58  SCV  
  187  15:59  SCV x2  
  187  16:02  Missile Turret  
  188  16:06  Viking x2, SCV  
  187  16:15  Viking x2  
  189  16:20  Viking x2  
  188  16:31  Marine, SCV x2  
  188  16:32  SCV  
  190  16:33  SCV  
  190  16:36  Viking x2  
  190  16:37  Refinery  
  190  16:39  Refinery  
  195  16:43  SCV  
  195  16:45  Viking x2  
  199  17:08  Command Center  
  199  17:12  Missile Turret  
  197  17:31  Ghost  
Show
View Real Time Build Order
Export as new Build Order

Harstem Protoss 

Build Orders: 1 Gate Expand, Phoenix Opening, Zealot Archon 

Get SALT Encoding   

  12  0:00  Probe  
  13  0:12  Probe  
  14  0:17  Pylon  
  14  0:24  Probe  
  14  0:27  Assimilator  
  15  0:32  Probe  
  15  0:40  Probe  
  16  0:45  Gateway  
  17  0:51  Probe  
  18  1:03  Probe  
  19  1:15  Probe  
  20  1:22  Nexus  
  20  1:32  Cybernetics Core  
  20  1:34  Probe  
  21  1:40  Assimilator  
  21  1:46  Probe  
  22  1:49  Pylon  
  22  1:58  Adept, Probe  
  23  2:10  Probe  
  23  2:14  Stargate  
  26  2:19  Warp Gate  
  27  2:22  Probe  
  27  2:28  Adept  
  29  2:30  Probe  
  29  2:31  Probe  
  31  2:38  Probe  
  31  2:39  Probe  
  33  2:48  Probe  
  33  2:49  Probe  
  35  2:54  Phoenix  
  35  3:00  Probe  
  35  3:01  Adept, Probe  
  41  3:06  Pylon  
  42  3:12  Probe  
  42  3:13  Probe  
  42  3:14  Phoenix  
  45  3:24  Probe  
  45  3:25  Probe  
  47  3:37  Probe x2  
  47  3:39  Phoenix  
  51  3:44  Nexus  
  51  3:49  Probe x2  
  51  3:54  Pylon  
  53  4:01  Probe  
  54  4:04  Phoenix  
  54  4:09  Gateway x2  
  54  4:12  Probe  
  54  4:15  Assimilator, Probe  
  58  4:18  Pylon  
  59  4:26  Phoenix  
  59  4:30  Forge  
  60  4:31  Twilight Council  
  60  4:32  Probe  
  60  4:34  Probe  
  62  4:44  Probe  
  62  4:45  Pylon  
  63  4:46  Probe  
  63  4:51  Charge  
  64  4:56  Probe  
  64  5:04  Probe x2  
  64  5:05  Probe  
  65  5:09  Protoss Ground Armor Level 1  
  66  5:15  Gateway x2  
  66  5:16  Gateway  
  66  5:17  Sentry, Gateway  
  66  5:18  Probe  
  69  5:22  Gateway  
  69  5:23  Probe  
  69  5:27  Assimilator  
  69  5:28  Probe  
  71  5:29  Sentry  
  71  5:34  Probe  
  74  5:36  Zealot  
  74  5:38  Pylon  
  74  5:41  Robotics Facility  
  76  5:44  Zealot  
  76  5:45  Probe  
  76  5:47  Probe  
  76  5:49  Probe  
  81  5:55  Zealot  
  83  5:57  Probe  
  83  5:59  Probe  
  83  6:00  Pylon  
  83  6:01  Probe  
  86  6:05  Zealot x2  
  86  6:11  Assimilator, Probe  
  92  6:12  Zealot x3  
  92  6:15  Pylon, Templar Archives  
  96  6:20  Pylon  
  96  6:23  Probe  
  96  6:24  Observer  
  96  6:25  Probe  
  98  6:28  Probe  
  98  6:29  Assimilator, Zealot x2  
  104  6:34  Robotics Bay  
  104  6:36  Warp Prism, Robotics Facility  
  106  6:42  Pylon  
  106  6:43  Zealot  
  108  6:54  Photon Cannon  
  108  6:56  Probe x2  
  108  6:58  High Templar x2  
  108  6:59  Zealot  
  116  7:02  Pylon  
  116  7:03  Archon  
  116  7:04  Probe  
  117  7:09  Colossus  
  117  7:20  Colossus  
  117  7:21  Nexus  
  117  7:24  Extended Thermal Lance  
  125  7:33  Zealot x3  
  131  7:39  Zealot  
  131  7:40  Zealot  
  135  7:45  Probe  
  135  7:49  Pylon, Blink, Protoss Ground Weapons Level 1  
  136  7:53  Forge  
  136  7:58  Stalker x2  
  140  7:59  Probe  
  140  8:00  Colossus  
  140  8:02  Pylon  
  141  8:07  Probe  
  141  8:09  Pylon  
  141  8:10  Warp Prism  
  148  8:16  Probe  
  145  8:23  Stalker x2  
  145  8:25  Probe  
  150  8:30  Pylon  
  150  8:31  Protoss Ground Armor Level 2  
  150  8:33  Probe  
  151  8:35  Zealot  
  151  8:37  Probe x2  
  151  8:38  Probe  
  156  8:45  Probe  
  156  8:46  High Templar x2  
  156  8:47  Zealot x2  
  165  8:49  Pylon  
  165  8:50  Gravitic Drive  
  165  8:51  Archon  
  163  8:57  Immortal  
  167  9:07  Stalker x4, Zealot  
  177  9:18  Stalker x3  
  177  9:19  Colossus  
  177  9:21  Gateway  
  183  9:34  Assimilator  
  183  9:35  Assimilator, Stalker  
  183  9:37  Pylon, Photon Cannon  
  185  9:41  Probe x3  
  188  9:49  Stalker x5  
  194  10:05  Probe  
  195  10:12  Probe x2  
  197  10:17  Warp Prism  
  197  10:18  Fleet Beacon  
  191  10:21  Protoss Ground Weapons Level 2  
  191  10:23  Stargate, Nexus  
  191  10:25  Stargate  
  191  10:33  Stalker x4  
  197  10:45  Oracle  
  197  10:54  Probe  
  197  10:55  Dark Shrine  
  197  10:59  Pylon  
  181  11:04  Warp Prism  
  181  11:11  Stalker x9  
  196  11:21  Pylon  
  196  11:23  Protoss Air Weapons Level 1  
  194  11:34  Tempest  
  191  11:44  Assimilator  
  191  11:45  Stalker x6  
  191  11:46  Assimilator, Stalker  
  193  12:00  Stalker x2  
  177  12:09  Disruptor x2  
  177  12:10  Probe  
  177  12:11  Probe  
  177  12:15  Zealot x6  
  195  12:27  Dark Templar x2  
  197  12:33  Protoss Ground Armor Level 3  
  197  12:35  Psionic Storm  
  195  12:41  Photon Cannon  
  195  12:42  Photon Cannon  
  193  12:48  Tempest  
  184  12:51  High Templar  
  184  12:52  High Templar x3  
  175  13:29  Zealot x6  
  175  13:30  Dark Templar x3  
  175  13:32  Tempest  
  188  13:36  Tempest  
  188  13:37  Tempest  
  190  13:47  Colossus  
  141  13:56  Zealot x6  
  141  13:58  Colossus  
  152  14:04  Pylon  
  141  14:18  Stalker x5  
  141  14:20  Dark Templar  
  145  14:25  High Templar x3  
  151  14:31  Colossus  
  151  14:36  Tempest  
  151  14:37  Oracle  
  165  14:46  Dark Templar  
  165  14:47  Zealot x3  
  165  14:52  Zealot  
  171  15:04  Dark Templar  
  163  15:15  Stalker x6  
  163  15:16  Stalker  
  163  15:17  Archon  
  163  15:20  Dark Templar  
  134  15:38  Tempest  
  118  15:46  High Templar x2  
  118  15:47  High Templar x2  
  123  15:50  Archon  
  123  15:55  Archon  
  121  16:00  Zealot x5  
  131  16:05  Nexus  
  125  16:19  Zealot x3  
  131  16:37  Observer  
  131  16:39  Nexus  
  131  16:42  High Templar x2  
  136  16:58  High Templar x2, Zealot x2  
  144  17:02  Archon  
  144  17:06  Probe x3  
  147  17:17  Assimilator  
  142  17:27  Stalker x3, Zealot  
  142  17:29  Probe  
  143  17:38  High Templar x2  
  143  17:41  Stalker x2  
  151  17:50  Zealot x3  
Tags
 
Add a new tag
Caveats
  • Supply blocks, unpowered buildings, or Contaminate may cause inaccurate times.
  • Supply counts are checked every 10 seconds.